 Dungeon Crawl Stone Soup version 0.21.1-1-g345015f (webtiles) character file.

110 Supreme the Digger (level 4, 0/24 HPs)
             Began as a Gargoyle Earth Elementalist on Apr 13, 2018.
             Slain by an orc
             ... wielding a +0 club
              (4 damage)
             ... on level 5 of the Dungeon.
             The game lasted 00:15:00 (1604 turns).

Supreme the Digger (Gargoyle Earth Elementalist)    Turns: 1604, Time: 00:15:00

Health: 0/24       AC:  5    Str: 11    XL:     4   Next: 91%
Magic:  6/8        EV: 12    Int: 17    God:
Gold:   87         SH:  0    Dex: 10    Spells: 3/9 levels left

rFire    . . .     SeeInvis .   f - +0 short sword
rCold    . . .     Gourm    .   (no shield)
rNeg     + . .     Faith    .   c - +0 robe
rPois    ∞         Spirit   .   (no helmet)
rElec    +         Reflect  .   (no cloak)
rCorr    .         Harm     .   (no gloves)
MR       .....                  (no boots)
Stlth    ++........             (no amulet)
HPRegen  0.08/turn              (no ring)
MPRegen  0.11/turn              (no ring)

@: no status effects
A: negative energy resistance 1, electricity resistance, unbreathing,
petrification resistance, rot immunity, AC +3
a: no special abilities


You were on level 5 of the Dungeon.
You were not hungry.

You visited 1 branch of the dungeon, and saw 5 of its levels.

You collected 87 gold pieces.

Inventory:

Hand Weapons
 a - a +0 dagger
 f - a +0 short sword (weapon)
 l - a +0 whip
 o - a +0 spear
 p - a +0 war axe
 u - a +0 hunting sling
 v - a +0 blowgun
 w - a +0 mace
Missiles
 b - 82 stones (quivered)
 j - 13 arrows
Armour
 c - a +0 robe (worn)
 g - a +0 hat
 q - a +0 leather armour
 r - a +0 leather armour
Magical Staves
 n - an uncursed staff of power {unknown}
Scrolls
 i - 2 scrolls of noise {unknown}
 k - a scroll of identify {unknown}
 t - a scroll of amnesia {unknown}
Potions
 m - a potion of heal wounds {unknown}
 s - a potion of might {unknown}
Books
 e - a book of Geomancy

   Spells                             Type                      Level
   a - Sandblast                      Earth                        1
   b - Passwall                       Transmutation/Earth          2
   c - Stone Arrow                    Conjuration/Earth            3
   d - Petrify                        Transmutation/Earth          4
   e - Lee's Rapid Deconstruction     Earth                        5
Comestibles
 d - 3 rations
 h - 7 chunks of flesh


   Skills:
 + Level 0.1 Fighting
 + Level 1.8 Dodging
 + Level 2.5 Stealth
 + Level 3.0 Spellcasting
 + Level 0.7 Transmutations
 * Level 5.4 Earth Magic


You had 3 spell levels left.
You knew the following spells:

 Your Spells              Type           Power        Failure   Level  Hunger
a - Sandblast             Erth           ###...       1%          1    None
b - Passwall              Tmut/Erth      ##........   8%          2    ##.....
c - Stone Arrow           Conj/Erth      ##....       17%         3    ###....


Dungeon Overview and Level Annotations

Branches:
Dungeon (5/15)
 Temple: D:4-7

Altars:
Dithmenos
Fedhas
Hepliaklqana
Makhleb

Annotations:
D:5 Sigmund


Innate Abilities, Weirdness & Mutations

You are resistant to torment.
Your stone body is resilient. (AC +3)
You are immune to poison.
You resist negative energy. (rN+)
You are resistant to electric shocks. (rElec)
You can survive without breathing.
You are immune to petrification.
You are immune to rotting.


Message History

Aiming: Sandblast
Press: ? - help, Shift-Dir - straight line, f - Sigmund
Aim: Sigmund, wielding a scythe and wearing a robe The blast of sand hits Sigmund.
Sigmund is lightly wounded.
b - 82 stones Sigmund hits you from afar with a scythe.
An orc comes into view. It is wielding a club.
The orc shouts!
The orc throws a tomahawk of returning.
The tomahawk of returning barely misses you.
The weapon returns to the orc!
The orc throws a tomahawk of returning.
The tomahawk of returning hits you.
* * * LOW HITPOINT WARNING * * *
The weapon returns to the orc!
The orc throws a tomahawk of returning.
The tomahawk of returning barely misses you.
The weapon returns to the orc!
The orc hits you with a club.
You die...

#........#..............
#.....###..#####........
#.....# ##.......#####..
####### #J####### ###..
#.# #.... #@# #.#.. #.#
#.#.. #####@# # #..
#o@...# ### #.##### ...
####


You could see Sigmund and an orc.

Vanquished Creatures
  3 gnolls (D:2)
  2 adders (D:2)
  A worm (D:2)
  A dart slug (D:1)
  A leopard gecko (D:1)
  7 bats
  4 giant cockroaches
  8 goblins
  3 hobgoblins
  7 jackals
  A quokka (D:2)
  A ball python (D:1)
  7 frilled lizards
  4 kobolds
  7 rats
57 creatures vanquished.

Notes
Turn   | Place    | Note
-------+----------+-------------------------------------------
     0 | D:1      | Supreme the Gargoyle Earth Elementalist began the quest for the Orb.
     0 | D:1      | Reached XP level 1. HP: 10/10 MP: 3/3
   130 | D:1      | Reached skill level 4 in Earth Magic
   148 | D:3      | Reached XP level 2. HP: 15/15 MP: 0/5
   221 | D:2      | Found a burning altar of Makhleb.
   290 | D:2      | Reached XP level 3. HP: 19/19 MP: 2/6
   344 | D:1      | Learned a level 2 spell: Passwall
   348 | D:1      | Learned a level 3 spell: Stone Arrow
   854 | D:1      | Reached XP level 4. HP: 21/24 MP: 7/7
   878 | D:1      | Reached skill level 5 in Earth Magic
   945 | D:1      | You fall through a shaft!
   949 | D:2      | Found a hazy altar of Hepliaklqana.
  1232 | D:2      | Found a blossoming altar of Fedhas.
  1464 | D:3      | Found a shadowy altar of Dithmenos.
  1557 | D:5      | Entered Level 5 of the Dungeon
  1571 | D:5      | Noticed Sigmund
  1604 | D:5      | Slain by an orc

Skill      XL: |  1  2  3  4 |
---------------+-------------+-----
Earth Magic    | 4 5 |  5.4
Spellcasting   | 3 |  3.0
Fighting       | |  0.1
Dodging        | |  1.8
Stealth        | |  2.5
Transmutations | |  0.7

Action                   |  1- 3 |  4- 6 || total
-------------------------+-------+-------++-------
Melee: Short sword       |    23 |    34 ||    57
 Cast: Sandblast         |    40 |    23 ||    63
       Passwall          |       |     3 ||     3
 Stab: Sleeping          |     4 |     2 ||     6
  Eat: Chunk             |       |     3 ||     3
Armor: Robe              |    25 |     8 ||    33
Dodge: Dodged            |    51 |    36 ||    87
